 Dungeon Crawl Stone Soup version 0.28.0 (webtiles) character file.

Game seed: 12915861197220981170

255 themarg the Caller (level 6, -2/32 HPs)
             Began as a Tengu Summoner on Feb 15, 2022.
             Killed from afar by a steam dragon (23 damage)
             ... with a ball of steam
             ... on level 3 of the Dungeon.
             The game lasted 00:18:08 (3770 turns).

themarg the Caller (Tengu Summoner)                 Turns: 3770, Time: 00:18:11

Health: -2/32      AC:  3    Str: 15    XL:     6   Next: 15%
Magic:  9/11       EV: 16    Int: 17    God:
Gold:   127        SH:  0    Dex: 14    Spells: 3/11 levels left

rFire   . . .      SeeInvis .   x - +0 trident
rCold   . . .      Faith    .   (no shield)
rNeg    . . .      Spirit   .   a - +0 robe
rPois   .          Reflect  .   (helmet restricted)
rElec   .          Harm     .   k - +0 cloak
rCorr   .          Rampage  .   (no gloves)
Will    .....                   (boots unavailable)
Stlth   ++........              h - amulet of magic regeneration
HPRegen 0.10/turn               j - +6 ring of strength
MPRegen 0.52/turn               (no ring)

@: flying quickly and evasively, quick
A: beak, talons 3, nimble flight
a: no special abilities


You were on level 3 of the Dungeon.
You visited 1 branch of the dungeon, and saw 3 of its levels.

You collected 127 gold pieces.

Inventory:

Hand Weapons
 x - a +0 trident (weapon)
Missiles
 g - 36 stones
Armour
 a - a +0 robe (worn)
 k - a +0 cloak (worn)
Jewellery
 h - an amulet of magic regeneration (around neck)
 j - a +6 ring of strength (left hand)
 s - an amulet of guardian spirit
Scrolls
 b - a scroll of summoning {unknown}
 c - 2 scrolls of fog {unknown}
 d - a scroll of teleportation {unknown}
 e - a scroll of amnesia {unknown}
 i - a scroll of blinking {unknown}
 l - a scroll of enchant armour {unknown}
 r - 2 scrolls of brand weapon {unknown}
 u - a scroll of fear {unknown}
 w - a scroll of identify {unknown}
Potions
 o - 2 potions of magic {unknown}
 q - a potion of mutation {unknown}
 t - a potion of haste {unknown}
 v - a potion of curing


   Skills:
 + Level 3.8 Dodging
 + Level 3.7 Stealth
 + Level 3.3 Spellcasting
 + Level 6.0 Summonings


You had 3 spell levels left.
You knew the following spells:

 Your Spells              Type           Power      Damage    Failure   Level
a - Summon Small Mammal   Summ           92%        N/A       1%          1
b - Call Canine Familiar  Summ           23%        N/A       4%          3
c - Sting                 Tmut/Pois      8%         1d3       17%         1
d - Summon Guardian Gole  Hex/Summ       13%        N/A       14%         3

Your spell library contained the following spells:

 Spells                   Type           Power      Damage    Failure   Level
 Call Imp                 Summ           23%        N/A       2%          2
 Beastly Appendage        Tmut           4%         N/A       17%         1
 Wereblood                Tmut           2%         N/A       26%         2
 Spider Form              Tmut/Pois      2%         N/A       45%         3
 Summon Lightning Spire   Summ/Air       13%        N/A       43%         4


Dungeon Overview and Level Annotations

Branches:
Dungeon (3/15)

Altars:

Annotations:
D:2 exclusion: downstairs


Innate Abilities, Weirdness & Mutations

You have a beak for a mouth.
You have claws for feet.
Your magical nature lets you fly swiftly and evasively.


Message History

Gang up on whom?
Press: ? - help, Dir - move target, f/p - steam dragon
Aim: a steam dragon (heavily wounded, ally target) Attack!
The steam dragon breathes steam at you.
The ball of steam hits your guardian golem.
Your guardian golem resists.
The ball of steam misses you.
Casting: Summon Guardian Golem (quite dangerous; 14% risk of failure)
Confirm with . or Enter, or press ? or * to list all spells.
You are engulfed in a cloud of scalding steam.
You reach down and open the door.
You are engulfed in a cloud of scalding steam.
Your hound is engulfed in a cloud of scalding steam.
Your hound is engulfed in a cloud of scalding steam.
There is an open door here.
Your hound is engulfed in a cloud of scalding steam.
Something misses your hound. Something claws your hound.
Your hound is engulfed in a cloud of scalding steam.
You reach down and close the door.
You start resting.
Magic restored.
You start resting.
A steam dragon is nearby!
Casting: Call Canine Familiar (dangerous; 4% risk of failure)
Confirm with . or Enter, or press ? or * to list all spells.
What are your orders? t - Shout!
Orders for allies: a - Attack new target. p - Attack previous target. r - Retreat! s - Stop attacking. g - Guard the area. f - Follow me.
Anything else - Cancel.
Gang up on whom?
Press: ? - help, Dir - move target, f/p - steam dragon
Aim: a steam dragon (moderately wounded, ally target) Attack!
The steam dragon breathes steam at you. The ball of steam hits you!!
Ouch! That really hurt!
You die...

.....##.......# ####.##.......#
.?...## ......'.......+ ...D...
.######.......# #..§....# ....#
#...#######..§...≈###
.##.###...## #..§...≈≈#.# ##
...........# #.§....≈8#.# ...
........D..#####.§....≈≈#§###....
>.[........D.h9+@......≈#D.g....g
#..........#####..h.....#○##.....
#..........# #..........# ....8
#..........# #..........###§...
#..........# #..........'.#....
#..........# #..........#.#...g
#..........# #..........#.#....
#.)........### #..........#.##...
..#..........# ##########.#.#....


You could see a friendly hound (summoned).

Vanquished Creatures
  2 dart slugs (D:1)
  An orc (D:3)
  3 bats
  2 endoplasms (D:1)
  2 hobgoblins
  A kobold (D:1)
  A quokka (D:2)
  2 frilled lizards (D:1)
  2 rats (D:2)
16 creatures vanquished.

Vanquished Creatures (collateral kills)
  Sigmund (D:2)
  An orc wizard (D:3)
  A killer bee zombie (D:3)
  A dart slug (D:2)
  3 orcs (D:3)
  A ball python (D:1)
  A bat (D:1)
  5 endoplasms
  A goblin (D:3)
  A hobgoblin (D:1)
  A kobold (D:1)
  3 quokkas
  2 frilled lizards (D:2)
  A rat (D:1)
23 creatures vanquished.

Grand Total: 39 creatures vanquished

Notes
Turn   | Place    | Note
-------+----------+-------------------------------------------
     0 | D:1      | themarg the Tengu Summoner began the quest for the Orb.
     0 | D:1      | Reached XP level 1. HP: 10/10 MP: 4/4
    77 | D:1      | Found a faded altar of an unknown god.
   313 | D:1      | Got Plato's Almanac of Shape Shifting
   431 | D:1      | Reached XP level 2. HP: 15/15 MP: 3/6
   466 | D:1      | Reached skill level 5 in Summonings
  1263 | D:1      | Reached XP level 3. HP: 19/19 MP: 7/7
  1267 | D:1      | Learned a level 3 spell: Call Canine Familiar
  1621 | D:2      | Noticed Sigmund
  2530 | D:2      | Learned a level 1 spell: Sting
  2935 | D:2      | Killed Sigmund
  2936 | D:2      | Reached XP level 4. HP: 24/24 MP: 7/9
  2936 | D:2      | Gained mutation: Your magical nature lets you fly swiftly
                  | and evasively. [Tengu growth]
  2936 | D:2      | Reached XP level 5. HP: 28/28 MP: 7/10
  2983 | D:3      | Noticed a steam dragon
  3061 | D:3      | Reached XP level 6. HP: 31/32 MP: 11/11
  3251 | D:3      | Reached skill level 6 in Summonings
  3454 | D:3      | Learned a level 3 spell: Summon Guardian Golem
  3770 | D:3      | Killed from afar by a steam dragon

Illustrated notes

Levels and vault maps discovered:
D:1:      mainiacjoe_arrival_reflecting_pool, layout_basic,
          shapermc_ecumenical_altar_rom_forum
D:2:      layout_basic, uniq_sigmund
D:3:      layout_basic, nicolae_uskayaw_suspiria, serial_shops,
          nicolae_diamond_shop, moated_statue

Skill      XL: |  1  2  3  4  5  6 |
---------------+-------------------+-----
Summonings     | 5 6 |  6.0
Dodging        | 3 |  3.8
Stealth        | 3 |  3.7
Spellcasting   | 3 |  3.3

Action                   |  1- 3 |  4- 6 || total
-------------------------+-------+-------++-------
Melee: Unarmed           |     7 |       ||     7
       Kick              |     8 |       ||     8
       Peck              |     2 |       ||     2
       Whip              |    11 |       ||    11
       Spear             |    25 |    11 ||    36
       Punch             |     1 |       ||     1
       Trident           |       |     6 ||     6
 Cast: Summon Small Mamm |    52 |     2 ||    54
       Call Canine Famil |     9 |     9 ||    18
       Sting             |     2 |       ||     2
       Summon Guardian G |       |     2 ||     2
 Stab: Distracted        |     1 |       ||     1
       Sleeping          |     6 |     1 ||     7
Armor: Robe              |     7 |     2 ||     9
Dodge: Dodged            |    32 |     9 ||    41
